 Dungeon Crawl Stone Soup version 0.30.1-3-gfc49f6343a (webtiles) character file.

Game seed: 15807003045976302820

93 Atelerd the Digger (level 4, -1/27 HPs)
             Began as an Octopode Earth Elementalist on Aug 9, 2023.
             Slain by an orc
             ... wielding a +0 hand axe
              (3 damage)
             ... on level 3 of the Dungeon.
             The game lasted 00:01:36 (1885 turns).

Atelerd the Digger (Octopode Earth Elementalist)    Turns: 1885, Time: 00:01:36

Health: -1/27      AC:  1    Str:  7    XL:     4   Next: 61%
Magic:  1/8        EV: 13    Int: 17    God:
Gold:   143        SH:  0    Dex: 14    Spells: 8/9 levels left

rFire   . . .        j - +1 dagger (venom)
rCold   . . .        (no shield)
rNeg    . . .        (helmet restricted)
rPois   .            (no amulet)
rElec   .            (no ring)
rCorr   .            (no ring)
SInv    .            (no ring)
Will    .....        (no ring)
Stlth   +++          (no ring)
HPRegen 0.24/turn    (no ring)
MPRegen 0.11/turn    (no ring)
                     (no ring)

%: no passive effects
@: no status effects
A: almost no armour, amphibious, 8 rings, camouflage 1, gelatinous body 1,
(nimble swimmer 1), tentacles
a: no special abilities


You were on level 3 of the Dungeon.
You visited 1 branch of the dungeon, and saw 3 of its levels.

You collected 143 gold pieces.

Inventory:

Hand Weapons
 j - a +1 dagger of venom (weapon)
Scrolls
 b - a scroll of fear {unknown}
 c - a scroll of blinking {unknown}
 d - a scroll of poison {unknown}
 e - a scroll of butterflies {unknown}
 f - a scroll of teleportation {unknown}
 h - a scroll of identify {unknown}
Potions
 a - a potion of magic
 g - 2 potions of flight {unknown}
 i - a potion of heal wounds {unknown}


   Skills:
 - Level 2.0 Dodging
 - Level 2.6 Stealth
 + Level 3.0 Spellcasting
 + Level 1.1 Transmutations
 + Level 4.4 Earth Magic


You had 8 spell levels left.
You knew the following spells:

 Your Spells              Type           Power      Damage    Failure   Level
a - Sandblast             Erth           34%        2d9       2%          1

Your spell library contained the following spells:

 Spells                   Type           Power      Damage    Failure   Level
 Passwall                 Tmut/Erth      10%        N/A       9%          2
 Stone Arrow              Conj/Erth      20%        3d8       21%         3
 Petrify                  Tmut/Erth      12%        N/A       50%         4
 Lehudib's Crystal Spear  Conj/Erth      5%         10d3      100%        8
 Animate Armour           Summ/Erth      Unusable   N/A       N/A         4

Dungeon Overview and Level Annotations

Branches:
Dungeon (3/15)

Altars:


Innate Abilities, Weirdness & Mutations

You cannot wear most types of armour.
You are amphibious.
You can wear up to eight rings at the same time.
Your skin changes colour to match your surroundings (Stealth+).
Your rubbery body absorbs attacks. (AC +1, EV +1)
((You are camouflaged when in or above water. (Stealth+)))
You have tentacles for arms and can constrict up to eight enemies at once.


Message History

The blast of sand hits the orc but does no damage.
The blast of sand hits the orc but does no damage.
The orc misses you. The orc hits you with a +0 hand axe.
The orc barely misses you.
The blast of sand hits the orc.
The orc is moderately wounded.
The orc barely misses you. The orc closely misses you.
The blast of sand hits the orc but does no damage.
The orc is moderately wounded.
The orc barely misses you. The orc completely misses you.
The orc hits you with a +0 hand axe.
The orc hits you from afar with a +0 trident!
You are too injured to fight recklessly!
You are too injured to fight recklessly!
You are too injured to fight recklessly!
You are too injured to fight recklessly!
You are too injured to fight recklessly!
Press: ? - help, v - describe, . - travel The floor.
Casting: Sandblast (safe; 2% risk of failure)
Confirm with . or Enter, or press ? or * to list all spells.
Aiming: Sandblast (safe; 2% risk of failure)
Press: ? - help, Shift-Dir - straight line, f/p - orc
Aim: an orc, wielding a +0 hand axe and wearing a +0 chain mail (moderately wounded, 87% to hit)
The blast of sand hits the orc but does no damage.
The orc is moderately wounded.
The orc hits you from afar with a +0 trident.
* * * LOW HITPOINT WARNING * * *
The orc closely misses you.
Casting: Sandblast (safe; 2% risk of failure)
Confirm with . or Enter, or press ? or * to list all spells.
Aiming: Sandblast (safe; 2% risk of failure)
Press: ? - help, Shift-Dir - straight line, f/p - orc
Aim: an orc, wielding a +0 hand axe and wearing a +0 chain mail (moderately wounded, 87% to hit)
The blast of sand hits the orc.
The orc is heavily wounded.
The orc hits you from afar with a +0 trident.
* * * LOW HITPOINT WARNING * * *
The orc hits you with a +0 hand axe.
You die...

.....†...(...#.#
....#.#.#.....#.#
...#.#.#.#####.#
..............#
#.#.#.#.#######
#.#.#.....###
####...........#
#......#######.#
#....oKoo@...#
#.....############
#...... #......
..#.... . #....
..... ###...


You could see 3 orcs and a kobold.

Vanquished Creatures
  3 gnolls (D:2)
  3 adders (D:2)
  2 worms (D:2)
  2 ball pythons
  3 endoplasms
  A giant cockroach (D:3)
  5 goblins
  A hobgoblin (D:2)
  3 quokkas (D:2)
  5 bats
  3 kobolds
  3 rats
34 creatures vanquished.

Notes
Turn   | Place    | Note
-------+----------+-------------------------------------------
     0 | D:1      | Atelerd the Octopode Earth Elementalist began the quest for
                  | the Orb.
     0 | D:1      | Reached XP level 1. HP: 11/11 MP: 3/3
   648 | D:1      | Reached XP level 2. HP: 17/17 MP: 3/5
   927 | D:2      | Reached XP level 3. HP: 21/21 MP: 4/6
   943 | D:2      | Reached skill level 4 in Earth Magic
  1324 | D:2      | Reached XP level 4. HP: 27/27 MP: 6/8
  1885 | D:3      | Slain by an orc

Illustrated notes

Levels and vault maps discovered:
D:1:      dpeg_arrival_round_c, layout_loops_ring
D:2:      layout_loops_ring
D:3:      layout_basic, nicolae_overflow_crystal_walls

Skill      XL: |  1  2  3  4 |
---------------+-------------+-----
Earth Magic    | 4 |  4.4
Spellcasting   | 3 |  3.0
Dodging        | |  2.0
Stealth        | |  2.6
Transmutations | |  1.1

Action                     |  1- 3 |  4- 6 || total
---------------------------+-------+-------++-------
  Melee: Unarmed           |    14 |       ||    14
         Constrict         |     4 |     1 ||     5
         Tentacles         |     5 |       ||     5
         Dagger            |     1 |     6 ||     7
   Cast: Sandblast         |    23 |    27 ||    50
   Stab: Sleeping          |     1 |     1 ||     2
 Armour: Skin              |       |     1 ||     1
  Dodge: Dodged            |    18 |    18 ||    36
